Map: Acropolis LE

Players

ViBE - Winner!

  • Race: Zerg Zerg
  • League: Grandmaster
  • Spawn Location: 11:00

psychopomp

  • Race: Terran Terran
  • League: Grandmaster
  • Spawn Location: 5:00

VOD

Have the link to the VOD?

Description

Time

  • Played on: July 31, 2019, 12:52 a.m.
  • Length: 26:20
Show
View Real Time Build Order
Export as new Build Order

ViBE Zerg - Winner!

Build Orders: Hatch First, Brood Lord Corruptor 

Get SALT Encoding   

  12  0:00  Drone  
  13  0:14  Overlord  
  13  0:19  Drone  
  14  0:32  Drone x2  
  16  0:38  Drone  
  17  0:51  Hatchery  
  17  0:54  Drone  
  17  1:00  Drone  
  18  1:12  Spawning Pool  
  18  1:14  Extractor  
  18  1:16  Drone  
  17  1:23  Drone  
  18  1:34  Drone  
  19  1:42  Drone  
  20  1:55  Overlord  
  20  2:03  Queen x2  
  24  2:12  Hatchery  
  24  2:15  Zergling x2  
  24  2:18  Zergling x2  
  24  2:22  Drone  
  26  2:26  Metabolic Boost  
  26  2:31  Drone  
  26  2:33  Drone  
  28  2:38  Drone  
  28  2:39  Drone  
  28  2:42  Drone  
  31  2:48  Overlord  
  31  2:52  Drone  
  31  2:58  Drone x2  
  34  3:12  Overlord  
  34  3:14  Drone x5  
  34  3:15  Drone x2  
  41  3:26  Overlord  
  41  3:41  Overlord  
  41  3:42  Drone x4  
  41  3:43  Queen x2  
  41  3:46  Lair  
  50  3:48  Drone x2  
  50  3:55  Drone x4  
  52  3:56  Drone  
  54  4:11  Overlord  
  54  4:18  Drone x9, Roach Warren  
  54  4:21  Extractor x2  
  54  4:24  Queen  
  60  4:26  Overlord  
  60  4:27  Overlord  
  62  4:33  Overlord x2  
  62  4:42  Drone x2  
  62  4:43  Zergling x2  
  62  4:44  Zergling x4  
  67  4:47  Zergling x2  
  67  4:48  Zergling x2, Overseer  
  69  4:53  Zergling x6  
  69  4:59  Zergling x8  
  76  5:03  Glial Reconstitution  
  71  5:10  Zergling x6  
  72  5:33  Roach x13  
  97  5:37  Queen  
  99  5:53  Infestation Pit, Drone  
  99  6:00  Queen, Hatchery  
  100  6:08  Overlord x5  
  100  6:10  Roach x2  
  104  6:14  Spore Crawler  
  104  6:15  Spore Crawler  
  104  6:16  Spore Crawler  
  104  6:18  Drone, Extractor  
  83  6:42  Roach x15  
  109  6:58  Pathogen Glands  
  109  7:00  Drone  
  109  7:01  Drone x3  
  113  7:02  Drone  
  113  7:08  Extractor  
  113  7:09  Extractor  
  113  7:11  Drone  
  113  7:12  Drone x5  
  118  7:16  Drone x2  
  118  7:17  Drone  
  118  7:20  Drone x4  
  125  7:24  Drone  
  126  7:33  Drone  
  126  7:35  Infestor  
  126  7:36  Infestor x2  
  133  7:38  Drone x6  
  133  7:41  Hive  
  133  8:01  Drone x4  
  133  8:02  Drone  
  133  8:05  Queen  
  127  8:20  Drone  
  127  8:21  Drone x12  
  127  8:23  Spore Crawler  
  127  8:24  Spire  
  127  8:26  Burrow  
  137  8:40  Drone x3  
  137  8:41  Drone x3  
  139  8:43  Extractor  
  139  8:44  Spine Crawler x2, Extractor  
  139  8:46  Spine Crawler  
  122  9:01  Roach  
  122  9:02  Roach x7  
  128  9:11  Roach x4  
  128  9:16  Overseer  
  130  9:24  Roach x4  
  136  9:33  Roach  
  136  9:34  Roach x3  
  136  9:37  Neural Parasite  
  136  9:38  Greater Spire  
  138  9:45  Queen  
  138  9:48  Roach  
  138  9:49  Roach x7, Hatchery  
  138  9:50  Overlord  
  138  9:51  Overlord x4  
  147  10:07  Spine Crawler  
  147  10:08  Overlord, Spine Crawler  
  147  10:09  Overlord x3  
  145  10:14  Adrenal Glands  
  145  10:17  Drone, Spine Crawler  
  145  10:18  Spine Crawler  
  145  10:19  Evolution Chamber  
  145  10:21  Corruptor x11  
  165  10:58  Zergling x38  
  165  11:00  Brood Lord x4  
  165  11:01  Zerg Melee Weapons Level 1, Brood Lord  
  194  11:05  Zerg Flyer Weapons Level 1  
  193  11:28  Brood Lord x2  
  193  11:29  Brood Lord  
  199  11:36  Hatchery  
  177  12:10  Brood Lord x3  
  177  12:11  Infestor x3  
  177  12:13  Zergling x24  
  177  12:14  Zergling x14  
  196  12:24  Drone x6  
  196  12:29  Extractor  
  199  12:31  Spine Crawler x2  
  199  12:32  Spine Crawler  
  199  12:33  Spore Crawler, Extractor  
  199  12:35  Infestor  
  199  12:36  Infestor x2  
  200  12:42  Pneumatized Carapace  
  139  13:25  Drone x2  
  139  13:26  Drone x5  
  146  13:28  Zerg Flyer Weapons Level 2  
  146  13:29  Zerg Melee Weapons Level 2  
  146  13:35  Queen  
  148  13:42  Spine Crawler x3  
  148  13:45  Hatchery  
  144  13:54  Infestor x6  
  144  13:55  Infestor  
  158  13:57  Corruptor x2  
  162  14:07  Drone x2  
  162  14:09  Zergling x28  
  182  14:10  Zergling x18  
  187  14:19  Drone  
  187  14:20  Nydus Network  
  187  14:39  Brood Lord x2  
  187  14:41  Overseer x3  
  187  14:42  Overseer  
  189  14:47  Spine Crawler  
  189  14:48  Spine Crawler  
  182  15:00  Drone x7  
  182  15:02  Spine Crawler  
  182  15:05  Viper  
  182  15:06  Viper x3  
  190  15:15  Corruptor x3  
  190  15:16  Corruptor x2  
  190  15:21  Spore Crawler, Spine Crawler  
  197  15:22  Spine Crawler  
  195  15:30  Overseer  
  195  15:31  Overseer x3  
  195  15:40  Spine Crawler, Extractor  
  195  15:42  Spine Crawler x2  
  192  15:43  Extractor  
  192  15:44  Corruptor x4  
  197  16:12  Zerg Melee Weapons Level 3  
  197  16:13  Zerg Flyer Weapons Level 3  
  121  16:51  Zergling x6  
  121  16:52  Zergling x58  
  121  16:53  Zergling x8  
  145  16:54  Brood Lord x2  
  131  17:18  Infestor x4  
  114  17:40  Corruptor x14  
  114  17:43  Hatchery  
  114  17:44  Overlord x4  
  141  17:50  Extractor  
  140  18:06  Drone x8  
  140  18:07  Drone x4  
  152  18:18  Brood Lord x12  
  173  18:34  Overlord x6  
  168  18:42  Infestor  
  168  18:43  Infestor  
  172  18:50  Zerg Flyer Armor Level 1  
  172  18:55  Infestor x4  
  136  19:41  Hatchery  
  133  19:51  Drone  
  133  19:52  Drone x2  
  134  19:56  Drone x3, Extractor  
  134  19:57  Infestor x8  
  134  19:59  Infestor  
  151  20:04  Hatchery  
  152  20:18  Drone x3  
  155  20:25  Corruptor x9  
  155  20:27  Overseer  
  155  20:28  Overseer  
  165  21:10  Corruptor x4  
  165  21:11  Corruptor x3  
  179  21:37  Mutalisk x5  
  183  21:50  Drone x5  
  183  21:51  Drone x2  
  190  22:02  Spore Crawler  
  190  22:03  Spine Crawler  
  190  22:04  Spine Crawler  
  190  22:05  Extractor  
  186  22:16  Extractor  
  179  22:23  Drone x11  
  190  22:34  Mutalisk  
  190  22:35  Mutalisk x3  
  190  22:36  Zerg Flyer Armor Level 2  
  198  22:59  Hatchery  
  197  23:30  Viper  
  180  24:24  Brood Lord x2  
  180  24:25  Brood Lord x2  
  188  24:34  Corruptor  
  188  24:35  Corruptor x6  
  191  25:02  Mutalisk x5  
  191  25:05  Drone  
  200  25:14  Nydus Canal  
  200  25:19  Hatchery  
  197  25:29  Viper  
  190  25:36  Nydus Canal  
  184  25:51  Nydus Canal  
Show
View Real Time Build Order
Export as new Build Order

psychopomp Terran 

Build Orders: 2 Factory, Cyclone Opening 

Get SALT Encoding   

  12  0:00  SCV  
  13  0:12  SCV  
  14  0:18  Supply Depot  
  14  0:25  SCV  
  15  0:30  Refinery  
  15  0:39  SCV  
  16  0:45  Barracks  
  16  0:51  SCV  
  17  1:03  SCV  
  18  1:16  SCV  
  19  1:32  Reaper, Orbital Command  
  20  1:45  Command Center  
  20  1:57  Factory  
  20  1:59  SCV  
  21  2:05  Refinery  
  21  2:06  Barracks Tech Lab  
  21  2:11  SCV  
  22  2:16  Supply Depot  
  22  2:23  SCV  
  23  2:37  SCV  
  24  2:47  Cyclone  
  24  2:49  SCV  
  28  2:56  Factory  
  28  3:01  Barracks Reactor  
  28  3:02  SCV  
  29  3:11  SCV  
  30  3:16  SCV  
  30  3:19  Cyclone  
  34  3:22  Supply Depot  
  35  3:28  SCV, Orbital Command  
  35  3:38  Mag-Field Accelerator  
  35  3:40  SCV  
  40  3:48  Hellion x2  
  40  3:52  SCV  
  41  3:55  Cyclone  
  41  3:56  SCV  
  41  4:01  Supply Depot  
  45  4:05  SCV  
  45  4:08  SCV  
  46  4:14  Hellion x2  
  46  4:17  SCV  
  51  4:20  SCV  
  52  4:29  SCV  
  53  4:32  Cyclone, SCV  
  53  4:34  Supply Depot  
  57  4:41  SCV  
  57  4:42  Command Center  
  57  4:43  Supply Depot  
  57  4:44  SCV  
  59  4:48  Hellion  
  61  4:53  SCV  
  61  4:56  Hellion, SCV  
  65  5:05  SCV  
  66  5:08  SCV  
  66  5:13  Refinery  
  67  5:15  Refinery  
  67  5:16  Engineering Bay  
  67  5:17  Supply Depot, SCV, Infernal Pre-Igniter  
  67  5:21  SCV  
  69  5:24  Hellion  
  69  5:25  Hellion  
  73  5:29  SCV  
  73  5:33  SCV  
  75  5:35  Cyclone  
  75  5:40  Supply Depot, Factory  
  75  5:42  SCV  
  79  5:48  Hellion x2  
  83  5:56  Orbital Command  
  83  6:00  Armory  
  83  6:02  Armory  
  83  6:12  Cyclone  
  83  6:13  Hellion  
  83  6:14  Hellion  
  90  6:21  SCV  
  90  6:25  Supply Depot, SCV  
  90  6:37  Orbital Command  
  86  6:42  Factory Tech Lab  
  86  6:43  Hellion x2  
  86  6:44  Cyclone  
  86  6:46  SCV  
  91  6:50  SCV  
  91  6:51  Factory  
  91  6:52  Factory  
  92  6:58  SCV  
  92  6:59  Terran Vehicle Weapons Level 1, Terran Vehicle And Ship Armor Level 1  
  93  7:02  SCV  
  93  7:03  SCV  
  93  7:06  Refinery  
  95  7:10  SCV  
  95  7:15  SCV x2  
  96  7:17  Refinery  
  96  7:20  Supply Depot  
  96  7:21  Hellion  
  96  7:22  SCV  
  99  7:23  Supply Depot  
  99  7:27  SCV x2  
  101  7:31  Supply Depot  
  101  7:34  Cyclone, Hellion, SCV  
  107  7:39  SCV x2  
  107  7:43  Supply Depot  
  109  7:44  Factory Tech Lab, Factory Reactor  
  109  7:45  Cyclone, Hellion  
  109  7:46  SCV  
  109  7:51  SCV  
  112  7:59  Hellion  
  108  8:06  Cyclone  
  108  8:07  Hellion  
  108  8:10  Cyclone  
  110  8:17  Cyclone  
  113  8:20  Command Center  
  112  8:38  Cyclone  
  112  8:39  Hellion  
  117  8:42  Cyclone  
  117  8:43  Supply Depot  
  117  8:44  Supply Depot  
  117  8:47  Command Center  
  120  8:49  Cyclone  
  120  8:52  Hellion  
  120  8:55  Hellion x7  
  125  8:58  Hellion x2  
  125  9:01  Hellion  
  118  9:10  Cyclone  
  118  9:13  Terran Vehicle And Ship Armor Level 2, Terran Vehicle Weapons Level 2  
  118  9:14  Cyclone  
  122  9:18  Hellion  
  122  9:22  Cyclone  
  122  9:23  Supply Depot  
  127  9:24  Supply Depot  
  122  9:35  Hellion  
  118  9:41  SCV x2  
  118  9:42  Cyclone, SCV  
  118  9:43  Supply Depot  
  118  9:44  Hellion x2  
  118  9:45  Supply Depot  
  128  9:46  Cyclone  
  129  9:53  SCV  
  129  9:54  Cyclone  
  129  9:59  Hellion x2  
  134  10:05  SCV  
  134  10:07  SCV  
  136  10:09  Command Center  
  136  10:14  Cyclone  
  136  10:16  Sensor Tower  
  136  10:17  Supply Depot  
  136  10:18  Supply Depot  
  136  10:20  Hellion  
  144  10:26  SCV  
  144  10:27  Barracks  
  145  10:45  Thor x2  
  145  10:47  Hellion x2  
  145  10:49  Planetary Fortress  
  158  10:53  Thor  
  158  10:54  Hellion x2  
  168  11:00  Factory x3  
  168  11:08  Hellion  
  168  11:12  Hellion  
  168  11:18  Hellion  
  163  11:21  Hellion  
  165  11:28  Cyclone x2, Sensor Tower  
  165  11:32  Orbital Command  
  171  11:36  Cyclone  
  171  11:38  Hellion  
  176  11:42  Command Center  
  176  11:44  Factory Tech Lab  
  176  11:45  Factory Tech Lab, Factory Reactor  
  176  11:50  Starport  
  176  11:52  Starport  
  175  12:00  Cyclone  
  178  12:07  Thor x3  
  196  12:09  Hellion  
  196  12:10  Hellion  
  200  12:20  Supply Depot x2  
  200  12:23  Supply Depot  
  200  12:25  Refinery, Starport  
  200  12:27  Refinery  
  200  12:31  Terran Vehicle Weapons Level 3, Terran Vehicle And Ship Armor Level 3  
  200  12:35  Command Center  
  187  12:55  Starport Reactor x2  
  145  13:18  Starport Reactor, Thor x2  
  146  13:24  Orbital Command  
  146  13:26  SCV x2  
  145  13:37  Viking x2  
  145  13:40  SCV  
  150  13:44  Starport Reactor  
  150  13:45  Thor x2  
  150  13:46  Hellion x2  
  166  13:51  Hellion  
  168  14:01  Viking x2  
  172  14:04  Hellion  
  172  14:05  Hellion  
  176  14:14  Hellion x3, Missile Turret x2  
  176  14:15  Missile Turret  
  176  14:16  Missile Turret  
  176  14:18  Hellion  
  178  14:25  Hi-Sec Auto Tracking  
  178  14:26  Liberator  
  178  14:27  Liberator  
  178  14:28  Sensor Tower  
  178  14:30  Missile Turret  
  180  14:31  Cyclone, Hellion  
  180  14:32  Missile Turret  
  183  14:38  Refinery  
  183  14:40  Refinery  
  189  14:45  Liberator  
  189  14:46  Liberator x2  
  169  15:02  Hellion x2  
  169  15:03  Viking  
  178  15:16  Planetary Fortress  
  178  15:18  SCV x3  
  178  15:19  SCV  
  182  15:22  SCV  
  182  15:23  SCV  
  182  15:26  Viking  
  186  15:30  SCV x3  
  186  15:31  SCV  
  186  15:34  Liberator, SCV  
  186  15:35  SCV  
  192  15:39  Missile Turret  
  192  15:42  SCV x2  
  194  15:45  SCV  
  194  15:48  Terran Ship Weapons Level 1  
  195  15:51  Sensor Tower  
  192  16:34  Hellion, Viking x2  
  192  16:38  Cyclone, Hellion  
  182  16:40  Refinery  
  182  16:41  Command Center, Refinery  
  182  16:42  Cyclone x3  
  182  16:43  Command Center, Viking x2  
  180  16:48  Cyclone, Hellion  
  180  16:51  Hellion x2  
  179  16:57  Hellion  
  179  16:59  Hellion  
  179  17:03  Hellion  
  177  17:10  Cyclone  
  177  17:14  Cyclone x3  
  177  17:15  Hellion  
  181  17:17  Hellion  
  181  17:20  Cyclone  
  144  17:28  Hellion x2  
  130  17:42  Cyclone  
  130  17:46  Cyclone, Thor x2  
  145  17:56  Orbital Command  
  145  18:00  Cyclone, Hellion  
  145  18:02  Command Center  
  145  18:03  Liberator x3  
  145  18:04  Liberator  
  150  18:14  Cyclone  
  150  18:18  Cyclone  
  156  18:26  Terran Ship Weapons Level 2, Missile Turret  
  168  18:27  Missile Turret  
  168  18:32  Hellion, Thor  
  176  18:45  Thor x2  
  188  18:49  Neosteel Armor  
  188  19:10  Liberator x2  
  188  19:16  Thor x2  
  196  19:17  Hellion  
  196  19:18  Missile Turret  
  186  19:24  Cyclone, Hellion  
  164  19:32  Cyclone, Hellion  
  150  19:40  Liberator x2, Hellion  
  150  19:42  Hellion  
  133  19:54  Cyclone, Hellion x2  
  133  19:56  Cyclone  
  149  20:02  Orbital Command  
  149  20:07  Planetary Fortress  
  149  20:11  Hellion  
  151  20:18  Viking x2  
  155  20:22  Cyclone, Hellion  
  155  20:24  Thor  
  155  20:27  Refinery  
  155  20:28  Liberator x2  
  166  20:29  Cyclone, Hellion x2, Refinery  
  166  20:33  Thor  
  179  20:45  Hellion  
  183  20:57  Thor  
  186  21:09  Hellion x2  
  190  21:11  Thor  
  190  21:12  Command Center, Hellion  
  198  21:24  Hellion  
  200  21:32  Terran Ship Weapons Level 3  
  192  21:48  Thor  
  192  21:49  Hellion  
  192  21:54  Hellion  
  200  21:55  Liberator x2  
  190  22:24  Thor  
  190  22:26  Hellion x2  
  196  23:07  Missile Turret  
  196  23:08  Missile Turret  
  196  23:11  Missile Turret  
  196  23:15  Missile Turret  
  196  23:16  Missile Turret x2  
  196  23:19  Planetary Fortress  
  196  23:27  Missile Turret  
  196  23:28  Missile Turret  
  196  23:29  Missile Turret  
  196  23:30  Missile Turret  
  196  23:32  Missile Turret  
  196  23:33  Missile Turret  
  196  23:36  Missile Turret  
  194  23:44  Thor x2  
  194  23:45  Viking x2  
  194  23:53  Hellion x2  
  198  23:59  Hellion  
  112  24:21  Viking x3  
  112  24:23  Viking x2  
  110  24:31  Thor  
  110  24:32  Refinery  
  110  24:33  Refinery  
  110  24:34  Cyclone, Hellion, Missile Turret  
  110  24:36  Missile Turret  
  109  24:47  Thor x3  
  119  24:56  Viking  
  119  24:57  Viking  
  119  24:58  Viking  
  119  24:59  Viking  
  123  25:03  Refinery  
  123  25:05  Hellion  
  123  25:06  Cyclone  
  121  25:07  Hellion  
  118  25:14  Cyclone  
  121  25:26  Viking  
  120  25:30  Cyclone  
  120  25:34  Cyclone, Hellion x3  
  125  25:37  Viking x2  
Tags
 
Add a new tag
Caveats
  • Supply blocks, unpowered buildings, or Contaminate may cause inaccurate times.
  • Supply counts are checked every 10 seconds.